 Dungeon Crawl Stone Soup version 0.24.0-125-gc4c63601f3 (webtiles) character file.

Game seed: 862005203362665887, levelgen mode: deterministic

3779 Peloso the Carver (level 9, -4/81 HPs)
             Began as a Minotaur Fighter on Mar 19, 2020.
             Was an Elder of Okawaru.
             Slain by an orc knight
             ... wielding a +0 halberd
              (19 damage)
             ... in a bailey.
             The game lasted 00:18:48 (7915 turns).

Peloso the Carver (Minotaur Fighter)                Turns: 7915, Time: 00:18:48

Health: -4/81      AC: 17    Str: 22    XL:     9   Next: 95%
Magic:  8/8        EV:  8    Int:  5    God:    Okawaru [****..]
Gold:   109        SH:  0    Dex: 12    Spells: 8/8 levels left

rFire    . . .     SeeInvis .   a - +1 falchion (holy)
rCold    . . .     Gourm    +   (no shield)
rNeg     . . .     Faith    .   g - +0 plate armour
rPois    .         Spirit   .   (helmet restricted)
rElec    .         Reflect  .   r - +1 cloak {+Inv}
rCorr    +         Harm     .   (no gloves)
MR       .....                  (no boots)
Stlth    ..........             v - amulet of the gourmand
HPRegen  0.23/turn              i - ring of resist corrosion
MPRegen  0.11/turn              (no ring)

@: no status effects
A: retaliatory headbutt, horns 2
a: Heroism, Renounce Religion, Evoke Invisibility


You were in a bailey.
You worshipped Okawaru.
Okawaru was greatly pleased with you.
You were very full.

You visited 1 branch of the dungeon, and saw 8 of its levels.
You also visited: Bailey.

You collected 349 gold pieces.
You spent 240 gold pieces at shops.

Inventory:

Hand Weapons
 a - a +1 falchion of holy wrath (weapon)
Armour
 c - a +0 shield
 g - a +0 plate armour (worn)
 m - a -2 cloak
 r - a +1 cloak of invisibility (worn)
Jewellery
 i - a ring of resist corrosion (left hand)
 v - an amulet of the gourmand (around neck)
Wands
 k - a wand of flame (34)
 p - a wand of random effects (19)
 t - a wand of acid (7)
 w - a wand of digging (4)
 y - a wand of paralysis (9)
 D - a wand of polymorph (4)
Scrolls
 e - 3 scrolls of remove curse
 h - a scroll of fear
 j - 7 scrolls of identify
 l - a scroll of immolation {unknown}
 o - 4 scrolls of teleportation
 q - a scroll of random uselessness {unknown}
 u - 2 scrolls of blinking
 z - 5 scrolls of magic mapping
 B - a scroll of fog
 C - a scroll of enchant armour {unknown}
Potions
 d - 4 potions of might
 n - 7 potions of magic {unknown}
 s - 2 potions of haste
 x - a potion of flight {unknown}
 A - a potion of agility
 E - 5 potions of heal wounds {unknown}
 F - a potion of curing
Comestibles
 f - 20 rations


   Skills:
 + Level 8.1 Fighting
 + Level 10.5 Long Blades
 + Level 10.4 Armour
 + Level 2.4 Dodging
 + Level 0.1 Stealth
 + Level 6.1 Shields
 + Level 0.8 Invocations
 + Level 0.1 Evocations


You had 8 spell levels left.
You didn't know any spells.
Your spell library contained the following spells:

 Spells                   Type           Power        Failure   Level  Hunger
 Animate Skeleton         Necr           N/A          100%        1    ##.....
 Apportation              Tloc           #.....       100%        1    ##.....
 Beastly Appendage        Tmut           #.....       100%        1    ##.....
 Confusing Touch          Hex            #.....       100%        1    ##.....
 Summon Small Mammal      Summ           #...         100%        1    ##.....
 Sticks to Snakes         Tmut           #.......     100%        2    ###....
 Spider Form              Tmut/Pois      #.........   100%        3    ####...
 Ice Form                 Ice/Tmut       #.......     100%        4    #####..
 Blade Hands              Tmut           #.........   100%        5    ######.


Dungeon Overview and Level Annotations

Branches:
Dungeon (8/15)             Temple (0/1) D:7          Bailey (1/1)
   Lair: D:8-11

Altars:
Dithmenos
Elyvilon
Hepliaklqana
Nemelex Xobeh
Okawaru
Qazlal
Ru
Sif Muna
Xom
Zin
The Shining One

Shops:
D:6 [   D:7 !


Innate Abilities, Weirdness & Mutations

You reflexively headbutt those who attack you in melee.
You have a pair of horns on your head.


Message History

You headbutt the orc knight, but do no damage.
You fail to use your ability.
The gnoll hits you but does no damage.
The orc knight hits you with a +0 halberd!
* * * LOW HITPOINT WARNING * * *
You hit the orc knight.
The orc knight is lightly wounded.
The orc knight hits you but does no damage.
The gnoll hits you but does no damage.
You hit the orc knight. You headbutt the orc knight!
The orc knight is lightly wounded.
The orc knight hits you but does no damage.
The gnoll hits you from afar with a +0 halberd.
* * * LOW HITPOINT WARNING * * *
You hit the orc knight but do no damage.
The orc knight is lightly wounded.
Your plate armour prevents you from hitting the orc knight.
The orc knight is lightly wounded.
The gnoll hits you but does no damage.
The orc knight hits you with a +0 halberd!!
You die...

#(###.###.#o# .# #.
##(##'##'###K##'##'#
##)(...## #.....#
###.....### .....##
#.'.((..'.# ..⌠..'.
###.....### o....#
#.....## ##Kg...#
#'##'##'###g# #.#
#.###.@o## ## ###
#####


You could see an orc knight, 2 gnolls and a kobold.

Vanquished Creatures
  Pikel (D:4)
  Grinder (D:5)
  A hippogriff (D:6)
  A spriggan (D:7)
  Duvessa (D:7)
  2 orc warriors
  2 slaves (D:5)
  An ogre (D:6)
  2 centaurs
  3 bullfrogs
  Dowan (D:7)
  A scorpion (D:6)
  12 wights
  3 killer bees (D:7)
  3 howler monkeys (D:8)
  3 crimson imps
  A bullfrog zombie (D:6)
  A quasit (D:6)
  6 hounds
  3 orc priests
  A jelly (D:7)
  A centaur skeleton (D:7)
  Crazy Yiuf (D:4)
  Terence (D:3)
  2 iguanas (D:5)
  3 orc wizards
  3 worker ants
  A killer bee zombie (D:6)
  A worker ant zombie (D:7)
  11 adders
  16 gnolls
  3 shadow imps
  3 oozes
  2 adder skeletons
  5 worms
  A dart slug (D:2)
  6 leopard geckos
  24 orcs
  6 giant cockroaches
  10 goblins
  12 hobgoblins
  10 jackals
  19 kobolds
  3 quokkas
  A ball python (D:2)
  8 bats
  10 frilled lizards
  A jackal skeleton (D:4)
  3 quokka skeletons
  5 rats
222 creatures vanquished.

Notes
Turn   | Place    | Note
-------+----------+-------------------------------------------
     0 | D:1      | Peloso the Minotaur Fighter began the quest for the Orb.
     0 | D:1      | Reached XP level 1. HP: 19/19 MP: 0/0
    85 | D:1      | Reached XP level 2. HP: 24/26 MP: 1/1
   523 | D:1      | Reached XP level 3. HP: 31/33 MP: 2/2
   886 | D:2      | Found a transporter.
   888 | D:2      | Found a transporter.
   894 | D:2      | Found an iron altar of Okawaru.
   894 | D:2      | Found a hazy altar of Hepliaklqana.
   949 | D:2      | Reached XP level 4. HP: 30/40 MP: 3/3
   980 | D:2      | Reached skill level 1 in Dodging
  1001 | D:2      | Became a worshipper of Warmaster Okawaru
  1095 | D:2      | Reached skill level 5 in Shields
  1190 | D:2      | Reached XP level 5. HP: 45/46 MP: 4/4
  1433 | D:2      | Found a glowing golden altar of the Shining One.
  1525 | D:2      | Found a sparkling altar of Nemelex Xobeh.
  1936 | D:3      | Noticed Terence
  1956 | D:3      | Killed Terence
  1956 | D:3      | Reached skill level 5 in Long Blades
  1959 | D:3      | Reached XP level 6. HP: 16/52 MP: 5/5
  2071 | D:3      | Reached skill level 5 in Armour
  2123 | D:3      | Found a stormy altar of Qazlal.
  2402 | D:3      | Found a sacrificial altar of Ru.
  2465 | D:3      | Found a shadowy altar of Dithmenos.
  2531 | D:4      | Found a white marble altar of Elyvilon.
  2610 | D:4      | Noticed an angel
  2611 | D:4      | Found a shimmering altar of Xom.
  2613 | D:4      | Found a glowing silver altar of Zin.
  2680 | D:4      | Found a sparkling altar of Nemelex Xobeh.
  2926 | D:4      | Got a warped glaive
  2941 | D:4      | Identified the +1 glaive "Osesemaymu" {distort, rElec MR++
                  | Int+3 SInv} (You found it on level 4 of the Dungeon)
  3222 | D:4      | Found a shimmering blue altar of Sif Muna.
  3259 | D:4      | Found a runed translucent door.
  3260 | D:4      | Noticed Crazy Yiuf
  3493 | D:4      | Killed Crazy Yiuf
  3545 | D:5      | Entered Level 5 of the Dungeon
  3602 | D:5      | Found a shadowy altar of Dithmenos.
  3669 | D:5      | Noticed Grinder
  3671 | D:5      | Paralysed by Grinder for 3 turns
  3673 | D:5      | Noticed a slave
  3677 | D:5      | Killed Grinder
  3677 | D:5      | Reached * piety under Okawaru
  3677 | D:5      | Reached XP level 7. HP: 60/60 MP: 6/6
  3718 | D:5      | Noticed Pikel
  3957 | D:4      | Killed Pikel
  3957 | D:4      | Reached skill level 5 in Fighting
  3957 | D:4      | Reached XP level 8. HP: 65/68 MP: 4/7
  4057 | D:5      | Reached ** piety under Okawaru
  4465 | D:6      | Found Zeth's Armour Emporium.
  4519 | D:6      | Noticed a hippogriff
  4537 | D:6      | Killed a hippogriff
  4540 | D:6      | Reached *** piety under Okawaru
  5003 | D:6      | Reached XP level 9. HP: 69/79 MP: 8/8
  5327 | D:6      | Found a sparkling altar of Nemelex Xobeh.
  5796 | D:7      | Reached **** piety under Okawaru
  5817 | D:7      | Reached skill level 10 in Long Blades
  6096 | D:7      | Found a staircase to the Ecumenical Temple.
  6134 | D:7      | Found Lanaxki's Distillery.
  6137 | D:7      | Bought a potion of haste for 120 gold pieces
  6137 | D:7      | Bought a potion of might for 48 gold pieces
  6137 | D:7      | Bought a potion of curing for 36 gold pieces
  6465 | D:7      | Bought a potion of curing for 36 gold pieces
  6637 | D:7      | Noticed Dowan
  6654 | D:7      | Noticed Duvessa
  6658 | D:7      | Killed Dowan
  6675 | D:7      | Killed Duvessa
  7262 | D:7      | Reached skill level 10 in Armour
  7416 | D:8      | Found a flagged portal.
  7443 | Bailey   | Entered a bailey
  7723 | Bailey   | Noticed an orc knight
  7915 | Bailey   | Slain by an orc knight

Levels and vault maps discovered:
D:1:      nicolae_arrival_memento_mori, layout_basic
D:2:      kennysheep_big_flooded_room, layout_basic, tso_oasis_becter,
          gammafunk_temple_overflow_arena, palyth_stone_intersect,
          nemelex_dance_club_becter
D:3:      layout_rooms, lemuel_doored_altar, old_standard_altar,
          nicolae_qazlal_eye_of_the_storm, uniq_terence
D:4:      layout_basic, grunt_temple_overflow_order_and_chaos_1,
          elyvilon_altar_4, lemuel_blue_sif_altar,
          nemelex_xobeh_ov_fountains_minmay, first_ration, grunt_ministairs_15,
          uniq_crazy_yiuf_cottage
D:5:      layout_cave_pools, grunt_dithmenos_smoke, uniq_grinder, uniq_pikel
D:6:      layout_basic, serial_shops, kennysheep_mini,
          nemelex_diamond_rough_becter
D:7:      layout_rooms, minmay_temple_entry_junction_2, serial_shops,
          nicolae_shop_behind_doors, the_bakery, lightli_orcish_oven,
          uniq_duvessa
D:8:      layout_basic, chequers_temple_overflow_statue_of_worship,
          enter_bailey_7, minmay_manual_monolith
Bailey:   bailey_axe_2, bailey

Skill      XL: |  1  2  3  4  5  6  7  8  9 |
---------------+----------------------------+-----
Armour         | 4 5 6 8 10 | 10.4
Shields        | 4 5 6 |  6.1
Long Blades    | 3 5 6 7 9 10 | 10.5
Dodging        | 1 2 |  2.4
Fighting       | 4 5 7 8 |  8.1
Stealth        | |  0.1
Invocations    | |  0.8
Evocations     | |  0.1

Action                   |  1- 3 |  4- 6 |  7- 9 || total
-------------------------+-------+-------+-------++-------
Melee: Long sword        |    74 |   145 |       ||   219
       Headbutt          |    10 |    48 |    88 ||   146
       Falchion          |       |    97 |   440 ||   537
       Punch             |       |       |     1 ||     1
Invok: Heroism           |       |       |     3 ||     3
Evoke: Wand              |       |       |     1 ||     1
  Use: Potion            |       |     3 |     3 ||     6
       Scroll            |       |     3 |     6 ||     9
  Eat: Chunk             |       |     9 |    25 ||    34
Armor: Scale mail        |    22 |       |       ||    22
       Plate armour      |    18 |   163 |   350 ||   531
Dodge: Dodged            |    18 |    56 |   200 ||   274
Block: Shield            |    45 |   144 |       ||   189
       Rpst.: Long sword |     1 |    11 |       ||    12
       Falchion          |       |     7 |    41 ||    48
